 Dungeon Crawl Stone Soup version 0.28.0 (webtiles) character file.

Game seed: 13090250331620881750

130 Ayyar the Sneak (level 5, -1/35 HPs)
             Began as an Octopode Brigand on Apr 21, 2022.
             Killed from afar by an orc wizard (8 damage)
             ... with a puff of flame
             ... on level 4 of the Dungeon.
             The game lasted 00:06:09 (2420 turns).

Ayyar the Sneak (Octopode Brigand)                  Turns: 2420, Time: 00:06:10

Health: -1/35      AC:  1    Str: 12    XL:     5   Next: 13%
Magic:  5/5        EV: 13    Int: 13    God:
Gold:   55         SH:  0    Dex: 14    Spells: 4/4 levels left

rFire   . . .      SeeInvis .   q - +2 dagger (venom)
rCold   . . .      Faith    .   (no shield)
rNeg    . . .      Spirit   .   (helmet restricted)
rPois   .          Reflect  .   (no amulet)
rElec   .          Harm     .   (no ring)
rCorr   .          Rampage  .   (no ring)
Will    .....                   (no ring)
Stlth   ++........              (no ring)
HPRegen 0.11/turn               (no ring)
MPRegen 0.09/turn               (no ring)
                                (no ring)
                                (no ring)

@: confused
A: almost no armour, amphibious, 8 rings, camouflage 1, gelatinous body 1,
(nimble swimmer 1), tentacles
a: no special abilities


You were on level 4 of the Dungeon.
You visited 1 branch of the dungeon, and saw 4 of its levels.

You collected 55 gold pieces.

Inventory:

Hand Weapons
 q - a +2 dagger of venom (weapon)
Missiles
 b - 7 poisoned darts (quivered)
 c - 2 curare-tipped darts
 f - 2 javelins
Jewellery
 g - a ring of magical power
Scrolls
 a - a scroll of acquirement {unknown}
 d - a scroll of teleportation {unknown}
 e - a scroll of identify {unknown}
 i - 2 scrolls of noise {unknown}
 l - a scroll of immolation {unknown}
 p - a scroll of torment {unknown}
 r - a scroll of fear {unknown}
Potions
 h - a potion of might {unknown}
 j - 2 potions of curing {unknown}
 k - a potion of flight {unknown}
 m - a potion of magic {unknown}
 n - 2 potions of berserk rage {unknown}
 o - a potion of heal wounds {unknown}


   Skills:
 + Level 2.6 Fighting
 * Level 3.0 Short Blades
 + Level 2.6 Throwing
 + Level 2.1 Dodging
 * Level 6.5 Stealth


You had 4 spell levels left.
You didn't know any spells.
Your spell library was empty.

Dungeon Overview and Level Annotations

Branches:
Dungeon (4/15)
 Temple: D:4-7

Altars:
Gozag
Okawaru

Shops:
D:1 :   D:4 :


Innate Abilities, Weirdness & Mutations

You cannot wear most types of armour.
You are amphibious.
You can wear up to eight rings at the same time.
Your skin changes colour to match your surroundings (Stealth+).
Your rubbery body absorbs attacks. (AC +1, EV +1)
((You are camouflaged when in or above water. (Stealth+)))
You have tentacles for arms and can constrict up to eight enemies at once.


Message History

You squeeze the orc wizard.
The orc wizard is moderately wounded.
You constrict the orc wizard, but do no damage.
The orc wizard barely misses you. The dart slug completely misses you.
You release your grip on the orc wizard.
You closely miss the orc wizard. Your grab misses the orc wizard.
The orc wizard is moderately wounded.
The orc wizard misses you. The dart slug bites you.
The dart slug launches a dart at you. The slug dart misses you.
The orc wizard mumbles some strange words.
The orc wizard flickers and vanishes!
Deactivating autopickup; reactivate with Ctrl-A.
Something tries to affect you, but you resist.
The orc wizard gestures at you while chanting.
You resist with some effort.
The orc wizard gestures at you while chanting.
The puff of flame misses you.
The orc wizard points at you and mumbles some strange words.
The magic dart hits you!
The orc wizard points at you and mumbles some strange words.
The magic dart hits you!
* * * LOW HITPOINT WARNING * * *
There is a stone staircase leading up here.
Throw: 8 darts (poison)
Press: ? - help, Q - select action, (/) - cycle Shift-Dir - straight line, f - orc wizard
Aim: an orc wizard, wielding a +0 dagger and wearing a +0 robe (53% to hit)
You throw a poisoned dart. The poisoned dart hits the orc wizard.
The orc wizard is poisoned.
The orc wizard points at you and mumbles some strange words.
You are confused.
The orc wizard mumbles some strange words.
The orc wizard flickers and vanishes!
In your confused state, you trip and fall back down the stairs.
* * * LOW HITPOINT WARNING * * *
You hear some strange, mumbled words.
A puff of flame appears from out of thin air!
The puff of flame hits you!
You die...

### #.. ###########..
#............ #
#..........##
#.##########⌠.⌠.......#
#.......##.>.∩.##.##..#
##.....@....÷.⌠.#....##
#..................###
#......{.g.......###
#......(.........#
#........o.o.....#
#.......wo...†)..#
....$........†...#
.#.≈≈.≈≈........##
.w≈≈≈≈≈≈≈.......## .#


You could see an orc wizard, a dart slug, 2 orcs and a hobgoblin.

Vanquished Creatures
  A bullfrog zombie (D:3)
  A gnoll (D:1)
  An adder (D:2)
  2 dart slugs (D:4)
  3 orcs (D:3)
  8 ball pythons
  4 endoplasms
  3 giant cockroaches
  6 goblins
  6 hobgoblins
  3 jackals (D:2)
  4 kobolds
  5 quokkas
  9 bats
  3 frilled lizards
  4 rats
63 creatures vanquished.

Vanquished Creatures (others)
  A demonic plant (D:2)
1 creature vanquished.

Grand Total: 64 creatures vanquished

Notes
Turn   | Place    | Note
-------+----------+-------------------------------------------
     0 | D:1      | Ayyar the Octopode Brigand began the quest for the Orb.
     0 | D:1      | Reached XP level 1. HP: 14/14 MP: 1/1
    83 | D:1      | Reached XP level 2. HP: 19/19 MP: 2/2
   137 | D:1      | Found Vuikhev's Book Emporium.
   521 | D:1      | Reached XP level 3. HP: 24/24 MP: 3/3
  1096 | D:2      | Found a faded altar of an unknown god.
  1219 | D:2      | Reached skill level 6 in Stealth
  1219 | D:2      | Reached XP level 4. HP: 30/30 MP: 4/4
  1573 | D:3      | Found an opulent altar of Gozag.
  2018 | D:3      | Reached XP level 5. HP: 35/35 MP: 5/5
  2022 | D:3      | Found an iron altar of Okawaru.
  2182 | D:4      | Found Narchitei's Book Shoppe.
  2420 | D:4      | Killed from afar by an orc wizard

Illustrated notes

Levels and vault maps discovered:
D:1:      lightli_arrival_flooded_house, layout_basic, serial_shops,
          nicolae_shop_statue_plus
D:2:      layout_basic, shapermc_ecumenical_altar_gd
D:3:      layout_basic, mainiacjoe_overflow_catch_the_wave
D:4:      kennysheep_slugbush, layout_rooms, nicolae_ru_sacrificial_ziggurat,
          lemuel_crystal_altar, minmay_temple_entry_enclosed_plants,
          serial_shops, shop_fountains, serial_bayou_crossing

Skill      XL: |  1  2  3  4  5 |
---------------+----------------+-----
Stealth        | 6 |  6.5
Dodging        | 2 |  2.1
Short Blades   | 3 |  3.0
Fighting       | |  2.6
Throwing       | |  2.6

Action                   |  1- 3 |  4- 6 || total
-------------------------+-------+-------++-------
Melee: Dagger            |    56 |    57 ||   113
       Constrict         |    10 |    12 ||    22
       Tentacles         |     5 |    10 ||    15
Throw: Dart              |       |     1 ||     1
 Stab: Sleeping          |    19 |    10 ||    29
Armor: Skin              |     4 |     5 ||     9
Dodge: Dodged            |    27 |    33 ||    60
